 Dungeon Sprint DCSS version 0.27-a0-978-g2aa4ecdaef (webtiles) character file.

Game seed: 11159776257138748620

24817 mhtbhm the Metallomancer (level 13, -3/68 HPs)
             Began as a Gargoyle Earth Elementalist on Apr 14, 2021.
             Was the Champion of Vehumet.
             Blown up by a great orb of eyes (31 damage)
             ... with a mindburst bolt
             ... in the Dungeon (Sprint IX: "|||||||||||||||||||||||||||||").
             The game lasted 00:15:40 (5719 turns).

mhtbhm the Metallomancer (GrEE)                     Turns: 5719, Time: 00:15:40

Health: -3/68      AC: 20    Str: 13    XL:     13   Next: 15%
Magic:  5/36       EV: 15    Int: 20    God:    Vehumet [******]
Gold:   858        SH:  0    Dex: 10    Spells: 21/51 levels left

rFire    + . .     SeeInvis .   a - +2 dire flail (vorpal)
rCold    . . .     Faith    .   (shield currently unavailable)
rNeg     + . .     Spirit   .   b - +1 robe {rF+}
rPois    ∞         Reflect  .   m - +0 helmet
rElec    +         Harm     .   H - +1 cloak
rCorr    .         Rampage  .   I - +1 pair of gloves
Will     .....     NoTele   +   x - +0 pair of boots
Stlth    ++........             (no amulet)
HPRegen  0.21/turn              n - +2 ring of evasion
MPRegen  0.25/turn              o - +2 ring of protection

@: no status effects
A: AC +9, negative energy resistance 1, electricity resistance, torment
resistance 1, unbreathing 1, petrification resistance
a: Renounce Religion


You were in the Dungeon.
You worshipped Vehumet.
Vehumet was exalted by your worship.
You visited 1 branch You collected 1917 gold pieces.
You spent 1059 gold pieces at shops.

Inventory:

Hand Weapons
 a - a +2 vorpal dire flail (weapon)
Missiles
 g - 4 javelins (quivered)
 z - 5 atropa-tipped darts
Armour
 b - a +1 robe of fire resistance (worn)
 m - a +0 helmet (worn)
 x - a +0 pair of boots (worn)
 H - a +1 cloak (worn)
 I - a +1 pair of gloves (worn)
Magical Staves
 r - a staff of conjuration
Jewellery
 n - a +2 ring of evasion (left hand)
 o - a +2 ring of protection (right hand)
 E - a ring of fire
 F - a ring of flight
 G - a ring of ice
Wands
 j - a wand of acid (1)
 y - a wand of iceblast (7)
Scrolls
 c - 2 scrolls of fog
 f - 2 scrolls of amnesia
 i - 2 scrolls of blinking
 s - a scroll of brand weapon
 t - 2 scrolls of identify
 u - a scroll of fear
 v - 5 scrolls of enchant weapon
 w - 4 scrolls of enchant armour
Potions
 d - 10 potions of curing
 e - 10 potions of heal wounds
 h - a potion of berserk rage
 k - a potion of invisibility
 p - a potion of resistance
 q - a potion of haste
 A - a potion of magic
 B - 3 potions of might
 C - a potion of mutation
 D - 3 potions of brilliance


   Skills:
 + Level 3.1 Fighting
 + Level 2.8 Maces & Flails
 + Level 4.4 Dodging
 - Level 2.3 Stealth
 + Level 19.5 Spellcasting
 + Level 4.4 Conjurations
 + Level 5.5 Transmutations
 + Level 0.5 Air Magic
 + Level 24.3 Earth Magic
 + Level 1.1 Poison Magic
 + Level 2.9 Evocations


You had 21 spell levels left.
You knew the following spells:

 Your Spells              Type           Power      Damage    Failure   Level
a - Sandblast             Erth           100%       2d20      0%          1
b - Passwall              Tmut/Erth      56%        N/A       0%          2
c - Stone Arrow           Conj/Erth      100%       3d13      0%          3
d - Lee's Rapid Deconstr  Erth           43%        3d22*     0%          5
e - Petrify               Tmut/Erth      68%        N/A       1%          4
f - Mephitic Cloud        Conj/Pois/Air  27%        N/A       1%          3
g - Ozocubu's Refrigerat  Ice            9%         4d6       99%         7
h - Fireball              Conj/Fire      14%        3d8       8%          5

Your spell library contained the following spells:

 Spells                   Type           Power      Damage    Failure   Level
 Lehudib's Crystal Spear  Conj/Erth      33%        10d9      13%         8
 Absolute Zero            Ice            9%         ∞         100%        9
 Tornado                  Air            10%        N/A       100%        9


Dungeon Overview and Level Annotations

Branches:
Dungeon (1/1)

Altars:
Cheibriados
Dithmenos
Elyvilon
Fedhas
Gozag
Hepliaklqana
Kikubaaqudgha
Makhleb
Nemelex Xobeh
Okawaru
Qazlal
Ru
Sif Muna
Trog
Uskayaw
Vehumet
Wu Jian
Xom
Yredelemnul
Zin
The Shining One
Beogh
Jiyva
Lugonu

Shops:
D [[!(


Innate Abilities, Weirdness & Mutations

Your stone body is resilient. (AC +9)
You are immune to poison.
You resist negative energy. (rN+)
You are resistant to electric shocks. (rElec)
You are resistant to unholy torment.
You can survive without breathing.
You are immune to petrification.


Message History

Unknown command.
You puncture the great orb of eyes!
The great orb of eyes is almost dead.
The great orb of eyes bites you but does no damage.
You hit the great orb of eyes.
The great orb of eyes is almost dead.
The great orb of eyes bites you but does no damage.
You puncture the great orb of eyes!
You kill the great orb of eyes!
Vehumet accepts your kill.
Vehumet offers you knowledge of Lehudib's Crystal Spear, Tornado, and Absolute Zero.
These spells will remain available as long as you worship Vehumet.
The great orb of eyes gazes at you.
Your mind is blasted!
Ouch! That really hurt!
Unknown command.
Unknown command.
The great orb of eyes gazes at you. You resist with significant effort.
You see here a fire dragon corpse.
You hit the great orb of eyes but do no damage.
The great orb of eyes gazes at you. You resist with significant effort.
You sock the great orb of eyes!
The great orb of eyes is moderately wounded.
The great orb of eyes bites you but does no damage.
You hit the great orb of eyes but do no damage.
The great orb of eyes is moderately wounded.
The great orb of eyes closely misses you.
You completely miss the great orb of eyes.
The great orb of eyes is moderately wounded.
The great orb of eyes gazes at you. You resist with significant effort.
You barely miss the great orb of eyes.
The great orb of eyes is moderately wounded.
The great orb of eyes bites you.
You hit the great orb of eyes.
The great orb of eyes is moderately wounded.
The great orb of eyes gazes at you.
Your mind is blasted!
You die...

▓.▓.▓)▓.▓.▓.▓_▓
▓[▓.▓)▓.▓.▓.▓_▓
▓[▓.▓)▓.▓.▓.▓_▓
▓[▓.▓)▓.▓.▓.▓_▓
▓[▓.▓.▓.▓.▓.▓_▓
▓[▓.▓.▓.▓.▓.▓_▓
▓[▓.▓.▓.▓'▓.▓_▓
▓.▓.▓.▓.▓.▓.▓_▓
▓@▓.▓)▓.▓.▓.▓_▓
▓G▓.▓)▓.▓.▓.▓_▓
▓.▓.▓.▓.▓.▓.▓_▓
▓.▓.▓.▓.▓.▓.▓_▓
▓.▓.▓.▓.▓.▓.▓_▓
▓.▓.▓.▓.▓.▓.▓_▓
▓.▓.▓.▓.▓.▓.▓_▓
▓.▓.▓[▓.▓.▓.▓_▓
▓.▓.▓[▓.▓'▓.▓)▓


You could see a great orb of eyes.

Vanquished Creatures
  A dire elephant (D)
  A great orb of eyes (D)
  A fire dragon (D)
  2 boulder beetles (D)
  2 hydras (D)
  2 ogre magi (D)
  A two-headed ogre (D)
  Erica (D)
  A death yak (D)
  2 orc high priests (D)
  Urug (D)
  6 deep trolls (D)
  2 orc knights (D)
  4 cyclopes (D)
  7 elephants (D)
  An ugly thing (D)
  A black mamba (D)
  Psyche (D)
  3 efreet (D)
  An unseen horror (shapeshifter) (D)
  A komodo dragon (D)
  A meliai (D)
  5 trolls (D)
  A wyvern (D)
  A wraith (D)
  3 basilisks (D)
  A yak (D)
  A steam dragon (D)
  A water moccasin (D)
  12 orc warriors (D)
  An ice beast (D)
  2 ogres (D)
  2 wolves (D)
  A centaur (D)
  6 bullfrogs (D)
  A wight (D)
  A howler monkey (D)
  A hound (D)
  2 orc priests (D)
  4 orc wizards (D)
  A dart slug (D)
  4 orcs (D)
  A goblin (D)
  A hobgoblin (D)
  A ball python (D)
  A bat (D)
98 creatures vanquished.

Vanquished Creatures (others)
  A manticore (D)
  A slime creature (D)
2 creatures vanquished.

Grand Total: 100 creatures vanquished

Notes
Turn   | Place    | Note
-------+----------+-------------------------------------------
     0 | D        | mhtbhm the Gargoyle Earth Elementalist began the quest for
                  | the Orb.
     0 | D        | Reached XP level 1. HP: 10/10 MP: 3/3
     5 | D        | Reached skill level 4 in Earth Magic
   147 | D        | Reached skill level 5 in Earth Magic
   156 | D        | Reached XP level 2. HP: 15/15 MP: 1/5
   306 | D        | Learned a level 2 spell: Passwall
   307 | D        | Noticed a howler monkey
   307 | D        | Noticed an ogre
   307 | D        | Noticed an ogre
   307 | D        | Noticed an ice beast
   310 | D        | Killed a howler monkey
   311 | D        | Reached skill level 1 in Transmutations
   311 | D        | Reached skill level 7 in Earth Magic
   311 | D        | Reached XP level 3. HP: 19/19 MP: 3/7
   316 | D        | Killed an ogre
   317 | D        | Reached skill level 9 in Earth Magic
   317 | D        | Reached XP level 4. HP: 24/24 MP: 0/10
   317 | D        | Reached XP level 5. HP: 28/28 MP: 0/12
   322 | D        | Killed an ogre
   323 | D        | Reached skill level 5 in Spellcasting
   323 | D        | Reached skill level 11 in Earth Magic
   328 | D        | Killed an ice beast
   329 | D        | Reached skill level 12 in Earth Magic
   329 | D        | Reached XP level 6. HP: 32/32 MP: 5/15
   338 | D        | Learned a level 3 spell: Stone Arrow
   344 | D        | Learned a level 5 spell: Lee's Rapid Deconstruction
   349 | D        | Learned a level 4 spell: Petrify
   369 | D        | Found a snail-covered altar of Cheibriados.
   369 | D        | Found a shadowy altar of Dithmenos.
   369 | D        | Found a white marble altar of Elyvilon.
   369 | D        | Found a blossoming altar of Fedhas.
   369 | D        | Found an opulent altar of Gozag.
   370 | D        | Found a hazy altar of Hepliaklqana.
   371 | D        | Found a viscous altar of Jiyva.
   372 | D        | Found an ancient bone altar of Kikubaaqudgha.
   373 | D        | Found a corrupted altar of Lugonu.
   374 | D        | Found a burning altar of Makhleb.
   375 | D        | Found a sparkling altar of Nemelex Xobeh.
   376 | D        | Found an iron altar of Okawaru.
   377 | D        | Found a stormy altar of Qazlal.
   378 | D        | Found a sacrificial altar of Ru.
   379 | D        | Found a shimmering blue altar of Sif Muna.
   380 | D        | Found a bloodstained altar of Trog.
   381 | D        | Found a hide-covered altar of Uskayaw.
   382 | D        | Found a radiant altar of Vehumet.
   383 | D        | Found an ornate altar of the Wu Jian Council.
   384 | D        | Found a shimmering altar of Xom.
   385 | D        | Found a basalt altar of Yredelemnul.
   386 | D        | Found a glowing silver altar of Zin.
   387 | D        | Found a glowing golden altar of the Shining One.
   390 | D        | Became a worshipper of Vehumet
   432 | D        | Noticed a komodo dragon
   432 | D        | Noticed an orc warrior
   432 | D        | Noticed a steam dragon
   432 | D        | Noticed a two-headed ogre
   441 | D        | Killed a komodo dragon
   442 | D        | Reached skill level 13 in Earth Magic
   442 | D        | Reached XP level 7. HP: 22/36 MP: 12/19
   453 | D        | Reached * piety under Vehumet
   453 | D        | Offered knowledge of Shock by Vehumet.
   454 | D        | Reached skill level 14 in Earth Magic
   455 | D        | Killed a two-headed ogre
   456 | D        | Reached skill level 1 in Fighting
   456 | D        | Reached skill level 10 in Spellcasting
   456 | D        | Reached skill level 15 in Earth Magic
   456 | D        | Reached XP level 8. HP: 38/43 MP: 4/22
   457 | D        | Reached ** piety under Vehumet
   591 | D        | Noticed a cyclops
   591 | D        | Noticed a meliai
   591 | D        | Noticed a cyclops
   591 | D        | Noticed a wraith
   591 | D        | Noticed a boulder beetle
   596 | D        | Killed a meliai
   597 | D        | Reached skill level 16 in Earth Magic
   597 | D        | Reached XP level 9. HP: 34/47 MP: 14/24
   603 | D        | Killed a cyclops
   603 | D        | Killed a cyclops
   604 | D        | Reached skill level 17 in Earth Magic
   604 | D        | Reached skill level 1 in Evocations
   788 | D        | Offered knowledge of Static Discharge by Vehumet.
   788 | D        | Reached *** piety under Vehumet
   819 | D        | Killed a boulder beetle
   820 | D        | Reached skill level 18 in Earth Magic
   820 | D        | Reached XP level 10. HP: 16/53 MP: 3/27
  1102 | D        | Noticed Urug
  1107 | D        | Killed Urug
  1107 | D        | Offered knowledge of Conjure Flame by Vehumet.
  1108 | D        | Reached skill level 1 in Maces & Flails
  1382 | D        | Noticed a black mamba
  1385 | D        | Offered knowledge of Mephitic Cloud by Vehumet.
  1385 | D        | Reached **** piety under Vehumet
  1387 | D        | Killed a black mamba
  1388 | D        | Reached skill level 19 in Earth Magic
  1396 | D        | Reached ***** piety under Vehumet
  1471 | D        | Learned a level 3 spell: Mephitic Cloud
  1476 | D        | Noticed a five-headed hydra
  1476 | D        | Noticed a death yak
  1476 | D        | Noticed a six-headed hydra
  1481 | D        | Offered knowledge of Ignite Poison by Vehumet.
  1509 | D        | Killed a five-headed hydra
  1651 | D        | Offered knowledge of Lightning Bolt by Vehumet.
  1662 | D        | Killed a death yak
  1663 | D        | Reached skill level 15 in Spellcasting
  1663 | D        | Reached XP level 11. HP: 28/59 MP: 18/30
  1664 | D        | Reached skill level 20 in Earth Magic
  1664 | D        | Killed a six-headed hydra
  1776 | D        | Noticed a boulder beetle
  1781 | D        | Killed a boulder beetle
  2003 | D        | Noticed a dire elephant
  2237 | D        | Reached ****** piety under Vehumet
  2238 | D        | Reached skill level 21 in Earth Magic
  2702 | D        | Killed a dire elephant
  2702 | D        | Offered knowledge of Iskenderun's Mystic Blast by Vehumet.
  2703 | D        | Reached skill level 1 in Conjurations
  2703 | D        | Reached skill level 1 in Poison Magic
  3367 | D        | Noticed an orc high priest
  3373 | D        | Killed an orc high priest
  3555 | D        | Offered knowledge of Ozocubu's Refrigeration by Vehumet.
  3637 | D        | Learned a level 7 spell: Ozocubu's Refrigeration
  3750 | D        | Noticed an orc high priest
  3756 | D        | Offered knowledge of Spellforged Servitor by Vehumet.
  3765 | D        | Killed an orc high priest
  3766 | D        | Reached XP level 12. HP: 51/64 MP: 15/33
  3861 | D        | Reached skill level 22 in Earth Magic
  4143 | D        | Offered knowledge of Eringya's Noxious Bog by Vehumet.
  4428 | D        | Found Eniugg's Antique Armour Emporium.
  4428 | D        | Noticed an ogre mage
  4431 | D        | Killed an ogre mage
  4442 | D        | Offered knowledge of Fireball by Vehumet.
  4459 | D        | Reached skill level 23 in Earth Magic
  4621 | D        | Noticed an ogre mage
  4625 | D        | Killed an ogre mage
  4730 | D        | Found Cetuec's Armour Shoppe.
  4734 | D        | Found Omijed's Distillery.
  4737 | D        | Found Cowipim's Weapon Shoppe.
  4746 | D        | Reached skill level 5 in Transmutations
  4946 | D        | Bought a pair of transparent boots for 285 gold pieces
  4946 | D        | Identified the +0 pair of boots "Tokhin" {rPois} (You
                  | bought it in a shop in the Dungeon)
  4952 | D        | Bought 5 atropa-tipped darts for 33 gold pieces
  4954 | D        | Bought a potion of magic for 104 gold pieces
  4954 | D        | Bought 2 potions of heal wounds for 130 gold pieces
  4954 | D        | Bought a potion of might for 52 gold pieces
  4954 | D        | Bought a potion of curing for 39 gold pieces
  4954 | D        | Bought a potion of might for 52 gold pieces
  4954 | D        | Bought a potion of curing for 39 gold pieces
  4954 | D        | Bought a potion of heal wounds for 65 gold pieces
  4954 | D        | Bought a potion of mutation for 104 gold pieces
  4954 | D        | Bought a potion of brilliance for 52 gold pieces
  4954 | D        | Bought a potion of brilliance for 52 gold pieces
  4954 | D        | Bought a potion of brilliance for 52 gold pieces
  4967 | D        | Learned a level 5 spell: Fireball
  4988 | D        | Noticed Erica
  4994 | D        | Killed Erica
  5141 | D        | Noticed Psyche
  5145 | D        | Killed Psyche
  5426 | D        | Offered knowledge of Orb of Destruction by Vehumet.
  5433 | D        | Reached skill level 24 in Earth Magic
  5433 | D        | Reached XP level 13. HP: 45/68 MP: 9/36
  5688 | D        | Noticed a fire dragon
  5693 | D        | Noticed a great orb of eyes
  5704 | D        | Noticed a great orb of eyes
  5708 | D        | Killed a fire dragon
  5712 | D        | Killed a great orb of eyes
  5712 | D        | Offered knowledge of Lehudib's Crystal Spear by Vehumet.
  5712 | D        | Offered knowledge of Tornado by Vehumet.
  5712 | D        | Offered knowledge of Absolute Zero by Vehumet.
  5719 | D        | Blown up by a great orb of eyes

Illustrated notes

Levels and vault maps discovered:
D:        linesprint [early_d, line_temple, items_1, d_10, items_2, lair_1,
          lair_end, items_3, orc_1, orc_end, items_4, d_15, swamp_1, shoals_1,
          snake_1, spider_1, d_20, vaults_1, items_5, swamp_end, shoals_end,
          snake_end, spider_end, vaults_end, d_27, items_6, zot_1, zot_end,
          crypt_end, forest_end, elf_end, slime_end, tomb_end, abyss_end,
          pan_hell_end]

Skill      XL: |  1  2  3  4  5  6  7  8  9 10 11 12 |
---------------+-------------------------------------+-----
Earth Magic    | 5 7 9 12 13 15 16 18 19 21 24 | 24.3
Dodging        | 2 3 4 |  4.4
Spellcasting   | 3 4 6 8 10 11 13 15 17 19 | 19.5
Transmutations | 1 2 3 4 5 |  5.5
Fighting       | 1 2 3 |  3.1
Evocations     | 1 2 |  2.9
Maces & Flails | 1 2 |  2.8
Conjurations   | 3 4 |  4.4
Poison Magic   | 1 |  1.1
Stealth        | |  2.3
Air Magic      | |  0.5

Action                   |  1- 3 |  4- 6 |  7- 9 | 10-12 | 13-15 || total
-------------------------+-------+-------+-------+-------+-------++-------
Melee: Unarmed           |     4 |       |       |       |       ||     4
       Dire flail        |       |       |     5 |     4 |    10 ||    19
 Cast: Sandblast         |    11 |     9 |     3 |     7 |       ||    30
       Lee's Rapid Decon |       |     2 |    15 |   102 |     8 ||   127
       Petrify           |       |     2 |     5 |    22 |     3 ||    32
       Stone Arrow       |       |       |     1 |    43 |     2 ||    46
       Mephitic Cloud    |       |       |       |     5 |       ||     5
Evoke: Wand              |       |       |     4 |     5 |     4 ||    13
  Use: Potion            |     1 |     2 |     3 |     2 |       ||     8
       Scroll            |       |       |       |     1 |       ||     1
 Stab: Petrified         |       |       |     1 |       |       ||     1
Armor: Robe              |     1 |     1 |     2 |     2 |     3 ||     9
       Steam dragon scal |       |       |     1 |    23 |       ||    24
Dodge: Dodged            |     3 |     1 |     6 |    39 |     1 ||    50

Table legend: (Time is in decaauts)
 A = Elapsed time spent in this place.
 B = Non-inter-level travel time spent in this place.
 C = Inter-level travel time spent in this place.
 D = Time resting spent in this place.
 E = Time spent auto-exploring this place.
 F = Levels seen in this place.
 G = Mean time per level.
                   A        B        C        D        E       F      G
               +--------+--------+--------+--------+--------+-----+--------+
         Total |   5683 |   5683 |      0 |   3494 |    771 |   1 | 5683.0 |
       Dungeon |   5683 |   5683 |      0 |   3494 |    771 |   1 | 5683.0 |
               +--------+--------+--------+--------+--------+-----+--------+

Top non-repeatable levels by time:
       D: 5683 daAuts
